 Dungeon Crawl Stone Soup version 0.31-a0-640-g39d97e502b (webtiles) character file.

Game seed: 2596162201298302663

11 GordonOverkill the Sneak (level 2, -3/16 HPs)
             Began as a Vine Stalker Delver on Aug 28, 2023.
             Frozen to death by an endoplasm (4 damage)
             ... on level 3 of the Dungeon.
             The game lasted 00:01:48 (230 turns).

GordonOverkill the Sneak (Vine Stalker Delver)       Turns: 230, Time: 00:01:49

Health: -3/16      AC:  3    Str: 14    XL:     2   Next: 25%
Magic:  0/4        EV: 11    Int: 10    God:
Gold:   0          SH:  0    Dex: 15    Spells: 2/3 levels left

rFire   . .          .
                       - Unarmed
rCold   . . .        (no shield)
rNeg    . . .        a - +0 leather armour
rPois   .            (no helmet)
rElec   .            (no cloak)
rCorr   .            (no gloves)
SInv    .            (no boots)
Will    .....        (no amulet)
Stlth   +++          (no ring)
HPRegen 0.22/turn    (no ring)
MPRegen 0.09/turn

%: guardian spirit
@: very slightly contaminated, hasted, very quick
A: fangs 2, magic shield, antimagic bite, no potion heal 2
a: no special abilities


You were on level 3 of the Dungeon.
You visited 1 branch of the dungeon, and saw 3 of its levels.

Inventory:

Armour
 a - a +0 leather armour (worn)
 d - a +0 cloak
Wands
 c - a wand of polymorph (4)
 f - a wand of digging (3)
Scrolls
 b - a scroll of fog
Potions
 g - a potion of berserk rage {unknown}
 h - a potion of curing {unknown}


   Skills:
 - Level 2.6 Fighting
 - Level 1.5 Dodging
 - Level 6.0 Stealth
 - Level 2.0 Unarmed Combat
 + Level 1.2 Spellcasting
 + Level 1.1 Ice Magic


You had 2 spell levels left.
You knew the following spells:

 Your Spells              Type           Power      Damage    Failure   Level
a - Freeze                Ice            8%         1d3       26%         1

Your spell library contained the following spells:

 Spells                   Type           Power      Damage    Failure   Level
 Magic Dart               Conj           0%         1d3       41%         1
 Call Imp                 Summ           0%         N/A       54%         2
 Frozen Ramparts          Ice            4%         1d1       63%         3
 Hailstorm                Conj/Ice       1%         3d3       71%         3
 Mephitic Cloud           Conj/Pois/Air  0%         N/A       78%         3


Dungeon Overview and Level Annotations

Branches:
Dungeon (5/15)
 Temple: D:4-7

Altars:

Annotations:
D:4 Edmund; Robin
D:5 3 runed translucent doors, exclusion: centaur, topfpfpflanze's ghost, amateur OpFE


Innate Abilities, Weirdness & Mutations

You have extremely sharp teeth.
When hurt, damage is shared between your health and your magic reserves.
Your bite disrupts and absorbs the magic of your enemies.
Potions cannot restore your health.


Message History

The adder hisses angrily.
The hobgoblin shouts!
The endoplasm quivers.
The adder bites you.
You hear an angry hiss.
You closely miss the adder. You bite the adder. You drain its power.
You feel invigorated.
The adder is moderately wounded.
The adder bites you.
You are poisoned.
The adder poisons you! The adder bites you.
* * * LOW HITPOINT WARNING * * *
You are too injured to fight recklessly!
You feel sick.
You feel sick.
Casting: Freeze (safe; 26% risk of failure)
Confirm with . or Enter, or press ? or * to list all spells.
Aiming: Freeze (safe; 26% risk of failure)
Press: ? - help, Shift-Dir - straight line, f - endoplasm
Aim: an endoplasm You freeze the endoplasm.
The endoplasm is moderately wounded.
You feel sick.
The endoplasm hits you but does no damage.
Casting: Freeze (safe; 26% risk of failure)
Confirm with . or Enter, or press ? or * to list all spells.
Aiming: Freeze (safe; 26% risk of failure)
Press: ? - help, Shift-Dir - straight line, f/p - endoplasm
Aim: an endoplasm (moderately wounded)
You miscast Freeze.
You are very lightly contaminated with residual magic.
Nothing appears to happen.
You feel sick.
You are no longer poisoned.
The endoplasm freezes you.
You are frozen.
* * * LOW HITPOINT WARNING * * *
Okay, then.
You feel yourself speed up. The endoplasm freezes you.
You are frozen.
You die...

#..............
#..............
#>.............
#....)...######
#........#
###+#+##.# #.#
#.##### #..@Jg#
#####S#
#?...S...[#
#(#.#.#.#(#
#.......# ##
.#. ## .. .. ?#
#. ## ##


You could see an adder, an endoplasm and a hobgoblin.

Vanquished Creatures
  An adder (D:3)
  A goblin (D:3)
  A rat (D:3)
3 creatures vanquished.

Notes
Turn   | Place    | Note
-------+----------+-------------------------------------------
     0 | D:5      | GordonOverkill the Vine Stalker Delver began the quest for
                  | the Orb.
     0 | D:5      | Reached XP level 1. HP: 11/11 MP: 2/2
     0 | D:5      | Noticed topfpfpflanze's ghost (amateur OpFE)
     5 | D:5      | Noticed an iguana
    31 | D:5      | Noticed a centaur
    66 | D:4      | Noticed a hound
    77 | D:4      | Noticed Robin
   105 | D:4      | Noticed Edmund
   158 | D:3      | Reached skill level 1 in Spellcasting
   158 | D:3      | Reached skill level 1 in Ice Magic
   158 | D:3      | Reached XP level 2. HP: 14/16 MP: 1/4
   193 | D:3      | Learned a level 1 spell: Freeze
   230 | D:3      | Frozen to death by an endoplasm

Illustrated notes

Levels and vault maps discovered:
D:3:      minmay_spotlight, layout_basic, serial_park_tiny_1
D:4:      layout_rooms, uniq_edmund, uniq_eustachio, uniq_robin
D:5:      layout_basic, nicolae_overflow_crystal_walls, tso_altar,
          minmay_temple_entry_arrows, gammafunk_ghost_necromancy,
          cheibrodos_sewer_entry_drain, roderic_batcave, uniq_grinder

Skill      XL: |  1 |
---------------+----+-----
Spellcasting   | 1 |  1.2
Ice Magic      | 1 |  1.1
Fighting       | |  2.6
Dodging        | |  1.5
Stealth        | |  6.0
Unarmed Combat | |  2.0

Action                     || total
---------------------------++-------
  Melee: Unarmed           ||    12
         Bite              ||     3
   Cast: Freeze            ||     1
    Use: Scroll            ||     2
         Potion            ||     1
   Stab: Sleeping          ||     2
 Armour: Leather armour    ||     6
  Dodge: Dodged            ||     8

Table legend: (Time is in decaauts)
 A = Elapsed time spent in this place.
 B = Non-inter-level travel time spent in this place.
 C = Inter-level travel time spent in this place.
 D = Time resting spent in this place.
 E = Time spent auto-exploring this place.
 F = Levels seen in this place.
 G = Mean time per level.
                   A        B        C        D        E       F      G
               +--------+--------+--------+--------+--------+-----+--------+
         Total |    229 |    229 |      0 |     24 |     28 |   3 |   76.3 |
       Dungeon |    229 |    229 |      0 |     24 |     28 |   3 |   76.3 |
               +--------+--------+--------+--------+--------+-----+--------+

Top non-repeatable levels by time:
     D:3: 89 daAuts
     D:4: 81 daAuts
     D:5: 58 daAuts
